 Dungeon Sprint DCSS version 0.20-a0-833-gc632bec (webtiles) character file.

33660 Kidiri the Eclecticist (level 13, -13/82 HPs)
             Began as a Deep Elf Fire Elementalist on Mar 7, 2017.
             Was the Champion of Vehumet.
             Mangled by a spriggan defender
             ... wielding a +0 dagger
              (14 damage)
             ... in the Dungeon (Sprint III: "The Ten Rune Challenge").
             The game lasted 00:34:48 (7343 turns).

Kidiri the Eclecticist (Deep Elf Fire Elementalist) Turns: 7343, Time: 00:34:49

Health: -13/82     AC:  8    Str:  3 (5)  XL:     13   Next: 38%
Magic:  10/39      EV: 20    Int: 25 (26) God:    Vehumet [******]
Gold:   750        SH:  4    Dex: 14 (15) Spells: 5/52 levels left

rFire    . . .     SeeInvis .   k - +0 dagger
rCold    . . .     Gourm    .   l - +2 robe {MR+}
rNeg     . . .     Faith    .   (no shield)
rPois    .         Spirit   .   y - +0 hat
rElec    .         Reflect  .   a - +0 cloak
rCorr    .         Harm     .   w - +1 pair of gloves
MR       ++...     Clarity  +   (no boots) Stlth ++........NoTele +
                                (no amulet)
Regen    0.3/turn               (no ring)
MPRegen  0.3/turn               (no ring)

@: very slightly contaminated, hasted, drained, very quick
A: horns 1, large bone plates 1, clarity, wild magic 1
a: Renounce Religion


You were in the Dungeon.
You worshipped Vehumet.
Vehumet was exalted by your worship.
You were not hungry.

You visited 1 branch You collected 1046 gold pieces.
You spent 296 gold pieces at shops.

Inventory:

Hand Weapons
 k - a +0 dagger (weapon)
Armour
 a - a +0 cloak (worn)
 l - a +2 robe of magic resistance (worn)
 w - a +1 pair of gloves (worn)
 x - a +0 shield of protection
 y - a +0 hat (worn)
Wands
 j - a wand of iceblast (4/15)
Scrolls
 n - a scroll of immolation
 o - 2 scrolls of fog {unknown}
 s - a scroll of holy word
 t - 3 scrolls of remove curse
Potions
 g - a potion of magic
 h - a potion of berserk rage
 m - 2 potions of mutation
 r - 4 potions of flight
 v - a potion of ambrosia
Books
 b - a book of Flames

   Spells                             Type                      Level
   a - Flame Tongue                   Conjuration/Fire             1
   b - Throw Flame                    Conjuration/Fire             2
   c - Conjure Flame                  Conjuration/Fire             3
   d - Inner Flame                    Hexes/Fire                   3
   e - Sticky Flame                   Conjuration/Fire             4
   f - Fireball                       Conjuration/Fire             5
Comestibles
 c - a bread ration
 d - 8 chunks of flesh
 p - 15 royal jellies
 q - a meat ration


   Skills:
 + Level 10.0(9.6) Fighting
 - Level 10.5(10.1) Short Blades
 + Level 10.1(9.7) Armour
 - Level 13.2(12.8) Dodging
 - Level 2.4(2.1) Stealth
 + Level 3.2(2.9) Shields
 * Level 20.0(19.5) Spellcasting
 + Level 12.7(12.3) Conjurations
 + Level 13.1(12.7) Fire Magic
 + Level 9.8(9.4) Ice Magic
 + Level 9.0(8.6) Air Magic
 + Level 9.4(9.0) Poison Magic
 + Level 9.9(9.5) Evocations


You had 5 spell levels left.
You knew the following spells:

 Your Spells              Type           Power        Failure   Level  Hunger
a - Flame Tongue          Conj/Fire      #####        1%          1    None
b - Throw Flame           Conj/Fire      ######       1%          2    None
c - Conjure Flame         Conj/Fire      #######.     1%          3    None
d - Inner Flame           Hex/Fire       ######..     1%          3    None
e - Sticky Flame          Conj/Fire      #######.     1%          4    None
f - Fireball              Conj/Fire      #######...   1%          5    None
g - Static Discharge      Conj/Air       #######.     1%          3    None
h - Airstrike             Air            ######....   1%          4    None
i - Freezing Cloud        Conj/Ice/Air   #######...   2%          6    ###....
j - Olgreb's Toxic Radia  Pois           ######..     1%          4    None
k - Bolt of Cold          Conj/Ice       #######...   1%          6    ###....
l - Poison Arrow          Conj/Pois      #######...   1%          6    ###....


Dungeon Overview and Level Annotations

Branches:
Dungeon (1/1)

Altars:
Cheibriados
Dithmenos
Elyvilon
Fedhas
Gozag
Hepliaklqana
Kikubaaqudgha
Makhleb
Nemelex Xobeh
Okawaru
Qazlal
Ru
Sif Muna
Trog
Uskayaw
Vehumet
Wu Jian
Xom
Yredelemnul
Zin
The Shining One
Beogh
Jiyva
Lugonu

Shops:
D [

Annotations:
D exclusions: 2 doors and obsidian statue


Innate Abilities, Weirdness & Mutations

You have a pair of small horns on your head.
You are partially covered in large bone plates. (SH +4)
You possess an exceptional clarity of mind.
Your spells are a little harder to cast, but a little more powerful.


Message History

Okay, then.
Casting: Sticky Flame
Confirm with . or Enter, or press ? or * to list all spells.
Aiming: Conjure Flame
Press: ? - help, Dir - move target cursor The fire ignites!
The spriggan defender hits you with a dagger!
* * * LOW HITPOINT WARNING * * *
Unknown command.
Casting: Conjure Flame
Confirm with . or Enter, or press ? or * to list all spells.
Aiming: Sticky Flame
Press: ? - help, Shift-Dir - straight line, f - spriggan defender
Aim: a spriggan defender, wielding a dagger (lightly wounded)
The sticky flame hits the spriggan defender.
The spriggan defender is heavily wounded.
The spriggan defender is covered in liquid flames!
The spriggan defender burns!
The spriggan defender hits you with a dagger!
You die...

#.....+
#.##### #.#
#.# #.# ###
#.# ###8#
#§# ###§.§#
#i#+#§§§§§#
#@#§§§§§§§#
#§#§§§§4§§#
#§.§4§§4§§#
#########§#
#... .....
.


You could see a spriggan defender (burning).

Vanquished Creatures
  Sigmund (D)
  Rupert (D)
  A deep elf master archer (D)
  Gastronok (D)
  2 deep elf annihilators (D)
  2 dire elephants (D)
  A deep elf death mage (D)
  A deep elf high priest (D)
  Erolcha (D)
  4 death yaks (D)
  Urug (D)
  A small abomination (D)
  A deep elf knight (D)
  A lindwurm (D)
  2 orc knights (D)
  7 deep elf magi (D)
  3 orc sorcerers (D)
  2 elephants (D)
  2 black mambas (D)
  Edmund (D)
  2 spiny frogs (D)
  A komodo dragon (D)
  A rime drake (D)
  A queen bee (D)
  2 tyrant leeches (D)
  An orc high priest (D)
  8 blink frogs (D)
  3 wandering mushrooms (D)
  A shadow (D)
  5 redbacks (D)
  A spatial vortex (D)
  A swamp drake (D)
  2 orc warriors (D)
  A necrophage (D)
  5 two-headed ogres (D)
  A water elemental (D)
  32 killer bees (D)
  A jelly (D)
  4 orc wizards (D)
  3 orc priests (D)
  Crazy Yiuf (D)
  A wizard (D)
  Jessica (D)
  A necromancer (D)
  A kobold demonologist (D)
  3 humans (D)
  An ooze (D)
  7 orcs (D)
  2 rats (D)
  A crawling corpse (D)
  5 plants (D)
136 creatures vanquished.

Vanquished Creatures (others)
  2 draconian scorchers (D)
  2 hydras (D)
  6 hellions (D)
  3 yaktaurs (D)
  An electric eel (D)
  10 plants (D)
24 creatures vanquished.

Grand Total: 160 creatures vanquished

Notes
Turn   | Place    | Note
-------+----------+-------------------------------------------
     0 | D        | Kidiri the Deep Elf Fire Elementalist began the quest for the Orb.
     0 | D        | Reached XP level 1. HP: 10/10 MP: 6/6
    11 | D        | Reached skill level 4 in Spellcasting
    54 | D        | Noticed Jessica
    59 | D        | Killed Jessica
    59 | D        | Reached skill level 1 in Fighting
    59 | D        | Reached skill level 1 in Armour
    59 | D        | Reached skill level 5 in Spellcasting
    59 | D        | Reached XP level 2. HP: 16/16 MP: 5/10
    59 | D        | Reached XP level 3. HP: 20/20 MP: 5/11
    63 | D        | Learned a level 2 spell: Throw Flame
    67 | D        | Learned a level 3 spell: Conjure Flame
    71 | D        | Learned a level 3 spell: Inner Flame
   119 | D        | Killed a hellion
   129 | D        | Killed a hellion
   130 | D        | Killed a hellion
   131 | D        | Killed a hellion
   132 | D        | Killed a hellion
   181 | D        | Killed a white draconian scorcher
   186 | D        | Killed a hellion
   204 | D        | Killed a yaktaur
   249 | D        | Noticed Crazy Yiuf
   254 | D        | Killed Crazy Yiuf
   254 | D        | Reached skill level 6 in Spellcasting
   254 | D        | Reached XP level 4. HP: 19/26 MP: 7/14
   262 | D        | Killed a white draconian scorcher
   269 | D        | Learned a level 4 spell: Sticky Flame
   287 | D        | Gained mutation: You are partially covered in large bone plates. (SH +4) [potion of mutation]
   287 | D        | Gained mutation: You possess an exceptional clarity of mind. [potion of mutation]
   287 | D        | Gained mutation: Your spells are a little harder to cast, but a little more powerful. [potion of mutation]
   287 | D        | Gained mutation: You have a pair of small horns on your head. [potion of mutation]
   343 | D        | Noticed a water elemental
   348 | D        | Killed a water elemental
   348 | D        | Reached skill level 7 in Spellcasting
   348 | D        | Reached skill level 5 in Fire Magic
   422 | D        | Found a radiant altar of Vehumet.
   423 | D        | Found a deep blue altar of Sif Muna.
   423 | D        | Found an ancient bone altar of Kikubaaqudgha.
   423 | D        | Noticed a wizard
   425 | D        | Killed a wizard
   425 | D        | Reached skill level 5 in Dodging
   425 | D        | Reached skill level 8 in Spellcasting
   425 | D        | Reached XP level 5. HP: 32/32 MP: 11/17
   440 | D        | Learned a level 5 spell: Fireball
   443 | D        | Became a worshipper of Vehumet
   509 | D        | Found a glowing silver altar of Zin.
   510 | D        | Found a glowing golden altar of the Shining One.
   510 | D        | Found a white marble altar of Elyvilon.
   510 | D        | Noticed a deep elf mage
   520 | D        | Killed a deep elf mage
   520 | D        | Reached skill level 10 in Spellcasting
   520 | D        | Reached XP level 6. HP: 15/39 MP: 12/21
   520 | D        | Reached XP level 7. HP: 17/44 MP: 13/23
   719 | D        | Found a hide-covered altar of Uskayaw.
   719 | D        | Found a roughly hewn altar of Beogh.
   719 | D        | Found an iron altar of Okawaru.
   719 | D        | Found a bloodstained altar of Trog.
   719 | D        | Found an ornate altar of the Wu Jian Council.
   719 | D        | Noticed a human
   721 | D        | Noticed a human
   726 | D        | Killed a human
   726 | D        | Reached skill level 11 in Spellcasting
   730 | D        | Killed a human
   730 | D        | Reached * piety under Vehumet
   730 | D        | Offered knowledge of Magic Dart by Vehumet.
   730 | D        | Reached skill level 5 in Fighting
   730 | D        | Reached skill level 5 in Armour
   883 | D        | Found a basalt altar of Yredelemnul.
   883 | D        | Found a shadowy altar of Dithmenos.
   883 | D        | Found a sacrificial altar of Ru.
   887 | D        | Offered knowledge of Searing Ray by Vehumet.
   953 | D        | Reached ** piety under Vehumet
   953 | D        | Reached skill level 12 in Spellcasting
   953 | D        | Reached XP level 8. HP: 49/49 MP: 18/26
   969 | D        | Found a blossoming altar of Fedhas.
   969 | D        | Found a stormy altar of Qazlal.
   970 | D        | Found a snail-covered altar of Cheibriados.
   970 | D        | Found a burning altar of Makhleb.
   970 | D        | Found a hazy altar of Hepliaklqana.
   970 | D        | Found a shimmering altar of Xom.
   970 | D        | Found an opulent altar of Gozag.
   970 | D        | Found a sparkling altar of Nemelex Xobeh.
   970 | D        | Found a corrupted altar of Lugonu.
   970 | D        | Found a viscous altar of Jiyva.
   985 | D        | Reached skill level 5 in Short Blades
  1169 | D        | Offered knowledge of Ignite Poison by Vehumet.
  1169 | D        | Reached *** piety under Vehumet
  1288 | D        | Noticed a two-headed ogre
  1294 | D        | Killed a two-headed ogre
  1294 | D        | Reached skill level 13 in Spellcasting
  1309 | D        | Killed a yaktaur
  1388 | D        | Noticed a two-headed ogre
  1388 | D        | Noticed Erolcha
  1396 | D        | Killed Erolcha
  1396 | D        | Offered knowledge of Static Discharge by Vehumet.
  1396 | D        | Reached skill level 14 in Spellcasting
  1396 | D        | Reached XP level 9. HP: 55/56 MP: 14/29
  1401 | D        | Killed a two-headed ogre
  1401 | D        | Reached **** piety under Vehumet
  1489 | D        | Learned a level 3 spell: Static Discharge
  1494 | D        | Offered knowledge of Airstrike by Vehumet.
  1500 | D        | Learned a level 4 spell: Airstrike
  1504 | D        | Reached skill level 1 in Air Magic
  1504 | D        | Reached skill level 1 in Evocations
  1592 | D        | Reached ***** piety under Vehumet
  1596 | D        | Offered knowledge of Freezing Cloud by Vehumet.
  1604 | D        | Learned a level 6 spell: Freezing Cloud
  1788 | D        | Reached skill level 10 in Dodging
  1852 | D        | Noticed a queen bee
  1858 | D        | Killed a queen bee
  1858 | D        | Reached skill level 1 in Ice Magic
  2042 | D        | Offered knowledge of Olgreb's Toxic Radiance by Vehumet.
  2048 | D        | Learned a level 4 spell: Olgreb's Toxic Radiance
  2091 | D        | Reached XP level 10. HP: 59/61 MP: 18/30
  2199 | D        | Reached skill level 15 in Spellcasting
  2199 | D        | Offered knowledge of Orb of Destruction by Vehumet.
  2199 | D        | Reached skill level 1 in Poison Magic
  2261 | D        | Reached skill level 10 in Fire Magic
  2290 | D        | Reached ****** piety under Vehumet
  2526 | D        | Killed a four-headed hydra
  2601 | D        | Killed an eight-headed hydra
  2724 | D        | Offered knowledge of Bolt of Fire by Vehumet.
  2762 | D        | Noticed a spiny frog
  2762 | D        | Noticed a spiny frog
  2771 | D        | Killed a spiny frog
  2771 | D        | Killed a spiny frog
  3008 | D        | Offered knowledge of Bolt of Cold by Vehumet.
  3153 | D        | Noticed a lindwurm
  3160 | D        | Killed a lindwurm
  3160 | D        | Reached skill level 16 in Spellcasting
  3363 | D        | Learned a level 6 spell: Bolt of Cold
  3382 | D        | Noticed Urug
  3789 | D        | Reached skill level 10 in Conjurations
  3839 | D        | Killed Urug
  3839 | D        | Reached skill level 5 in Evocations
  3839 | D        | Reached XP level 11. HP: 44/68 MP: 25/33
  3971 | D        | Reached skill level 5 in Ice Magic
  4058 | D        | Reached skill level 5 in Air Magic
  4105 | D        | Offered knowledge of Conjure Ball Lightning by Vehumet.
  4173 | D        | Noticed Rupert
  4178 | D        | Killed Rupert
  4178 | D        | Reached skill level 17 in Spellcasting
  4178 | D        | Reached skill level 5 in Poison Magic
  4254 | D        | Noticed a death yak
  4255 | D        | Noticed a death yak
  4260 | D        | Noticed a death yak
  4261 | D        | Noticed a death yak
  4261 | D        | Killed a death yak
  4262 | D        | Killed a death yak
  4264 | D        | Killed a death yak
  4264 | D        | Killed a death yak
  4286 | D        | Noticed an azure jelly
  4286 | D        | Noticed an azure jelly
  4592 | D        | Noticed an azure jelly
  4592 | D        | Noticed an azure jelly
  4593 | D        | Noticed a dire elephant
  4593 | D        | Noticed a dire elephant
  4593 | D        | Noticed Gastronok
  4966 | D        | Killed Gastronok
  4966 | D        | Offered knowledge of Poison Arrow by Vehumet.
  4966 | D        | Reached XP level 12. HP: 21/75 MP: 21/35
  5220 | D        | Killed a dire elephant
  5220 | D        | Reached skill level 18 in Spellcasting
  5438 | D        | Killed a dire elephant
  5547 | D        | Learned a level 6 spell: Poison Arrow
  5607 | D        | Noticed Sigmund
  5607 | D        | Noticed Edmund
  5618 | D        | Killed Sigmund
  5618 | D        | Reached skill level 10 in Short Blades
  5619 | D        | Killed Edmund
  5720 | D        | Found Weogocot's Armour Boutique.
  5721 | D        | Offered knowledge of Lehudib's Crystal Spear by Vehumet.
  5721 | D        | Offered knowledge of Glaciate by Vehumet.
  5721 | D        | Offered knowledge of Ignition by Vehumet.
  5770 | D        | Reached skill level 19 in Spellcasting
  5917 | D        | Bought a +1 pair of gloves for 126 gold pieces
  5917 | D        | Bought a +0 shield of protection for 126 gold pieces
  5917 | D        | Bought a +0 hat for 44 gold pieces
  5956 | D        | Reached skill level 1 in Shields
  5999 | D        | Reached XP level 13. HP: 80/80 MP: 18/38
  6092 | D        | Noticed a deep elf annihilator
  6093 | D        | Noticed a deep elf death mage
  6202 | D        | Noticed a deep elf master archer
  6203 | D        | Noticed a deep elf annihilator
  6263 | D        | Killed a deep elf master archer
  6490 | D        | Killed a deep elf death mage
  6490 | D        | Reached skill level 10 in Armour
  6683 | D        | Killed a deep elf annihilator
  7002 | D        | Killed a deep elf annihilator
  7002 | D        | Reached skill level 10 in Fighting
  7002 | D        | Reached skill level 20 in Spellcasting
  7342 | D        | HP: 1/82 [spriggan defender/dagger (7)]
  7343 | D        | Mangled by a spriggan defender

Vault maps used:
D:        dungeon_sprint_mu

Skill      XL: |  1  2  3  4  5  6  7  8  9 10 11 12 13 |
---------------+----------------------------------------+-----
Spellcasting   | 5 6 8 10 12 14 16 17 19 20 | 20.0
Fighting       | 1 2 3 4 5 6 7 8 9 10 | 10.0
Armour         | 1 2 3 4 5 6 7 8 9 10 | 10.1
Dodging        | 3 4 5 7 9 10 11 12 13 | 13.2
Conjurations   | 2 3 4 6 7 8 9 10 11 12 | 12.7
Fire Magic     | 4 5 7 9 10 11 12 13 | 13.1
Short Blades   | 3 4 6 7 8 9 10 | 10.5
Air Magic      | 2 4 6 8 9 |  9.0
Evocations     | 2 5 7 9 |  9.9
Ice Magic      | 1 4 7 9 |  9.8
Poison Magic   | 4 6 8 9 |  9.4
Shields        | 1 3 |  3.2
Stealth        | |  2.4

Action                   |  1- 3 |  4- 6 |  7- 9 | 10-12 | 13-15 || total
-------------------------+-------+-------+-------+-------+-------++-------
Melee: Dagger            |     1 |     3 |     2 |    17 |     2 ||    25
       Headbutt          |       |       |       |     2 |     1 ||     3
 Cast: Flame Tongue      |    16 |     5 |    78 |    65 |     9 ||   173
       Throw Flame       |     1 |       |     2 |     4 |       ||     7
       Sticky Flame      |       |     3 |    14 |    15 |     5 ||    37
       Conjure Flame     |       |     1 |     9 |     7 |     3 ||    20
       Inner Flame       |       |       |     8 |     4 |       ||    12
       Fireball          |       |       |     2 |       |       ||     2
       Freezing Cloud    |       |       |     2 |    26 |    15 ||    43
       Olgreb's Toxic Ra |       |       |     1 |    11 |     7 ||    19
       Bolt of Cold      |       |       |       |    26 |     6 ||    32
       Poison Arrow      |       |       |       |     1 |     5 ||     6
       Airstrike         |       |       |       |       |     4 ||     4
  Use: Scroll            |       |     3 |       |     1 |       ||     4
       Potion            |       |     1 |       |     3 |     5 ||     9
 Stab: Sleeping          |       |     2 |       |     3 |       ||     5
  Eat: Chunk             |       |       |     3 |       |       ||     3
       Royal jelly       |       |       |     2 |    10 |     1 ||    13
Armor: Robe              |       |       |     2 |     4 |    19 ||    25
Dodge: Dodged            |     4 |     3 |    36 |    64 |    85 ||   192
Block: Other             |       |     1 |     8 |     8 |    11 ||    28
